3AAA
HAMILTON COYOTES @ VERMONT LAKE MONSTERS
09/03/2021
 
TOP OF THE 1ST
Hamilton Coyotes batting - Pitching for Vermont Lake Monsters : RHP Ted Thompson
Pitching: RHP Ted Thompson
Batting: RHB Jon Erickson 0-0: Ball
1-0: Ball
2-0: Called Strike
2-1: Ground out 6-3 (Groundball, 6)
Batting: RHB Dan Holliday 0-0: Ball
1-0: Ball
2-0: Foul Ball, location: 2F
2-1: Foul Ball, location: 2F
2-2: DOUBLE (Line Drive, 9LS)
Batting: RHB Pete Knight 0-0: Ball
1-0: Swinging Strike
1-1: Ball
2-1: Fly out, F8 (Flyball, 8RM)
Batting: RHB Clarence Neal 0-0: Ball
1-0: Ball
2-0: Ball
3-0: Called Strike
3-1: Base on Balls
Batting: LHB Alfredo Pérez 0-0: Ball
1-0: Called Strike
1-1: Ball
2-1: Ball
3-1: Base on Balls
Dan Holliday to third
Clarence Neal to second
Batting: RHB Juan López 0-0: Foul Ball, location: 2F
0-1: Ball
1-1: Ball
2-1: Ball
3-1: Foul Ball, location: 2F
3-2: Base on Balls
Dan Holliday scores
Clarence Neal to third
Alfredo Pérez to second
Batting: LHB Tony Ríos 0-0: Fly out, F9 (Line Drive, 9M)
Top of the 1st over - 1 run(s), 1 hit(s), 0 error(s), 3 left on base; Hamilton 1 - Vermont 0
BOTTOM OF THE 1ST
Vermont Lake Monsters batting - Pitching for Hamilton Coyotes : LHP Eric Patnode
Pitching: LHP Eric Patnode
Batting: RHB Fernando Castro 0-0: Called Strike
0-1: Ball
1-1: Ground out 4-3 (Groundball, 4)
Batting: RHB Ramiro Rico 0-0: Ball
1-0: Called Strike
1-1: Fly out, F9 (Flyball, 89S)
Batting: RHB Ray John 0-0: Ground out 4-3 (Groundball, 4)
Bottom of the 1st over - 0 run(s), 0 hit(s), 0 error(s), 0 left on base; Hamilton 1 - Vermont 0
TOP OF THE 2ND
Hamilton Coyotes batting - Pitching for Vermont Lake Monsters : RHP Ted Thompson
Batting: RHB Rodrigo Pagán 0-0: Ball
1-0: Called Strike
1-1: Called Strike
1-2: Strikes out swinging
Batting: RHB Dan Curtis 0-0: TRIPLE (Line Drive, 9LS)
Batting: RHB Jon Erickson 0-0: Ball
1-0: Fly out, F8 (Line Drive, 8LM)
Runner from 3rd tags up, SCORES, no throw
Batting: RHB Dan Holliday 0-0: Called Strike
0-1: Ball
1-1: Ball
2-1: Ground out 5-3 (Groundball, 5)
Top of the 2nd over - 1 run(s), 1 hit(s), 0 error(s), 0 left on base; Hamilton 2 - Vermont 0
BOTTOM OF THE 2ND
Vermont Lake Monsters batting - Pitching for Hamilton Coyotes : LHP Eric Patnode
Batting: RHB Adrian Smith 0-0: Ball
1-0: Foul Ball, location: 2F
1-1: Ball
2-1: Ground out 6-3 (Groundball, 6M)
Batting: RHB Pat Ings 0-0: Ball
1-0: Called Strike
1-1: Ball
2-1: Foul Ball, location: 2F
2-2: Ground out 4-3 (Groundball, 4M)
Batting: RHB Fred Meyer 0-0: Foul Ball, location: 2F
0-1: Foul Ball, location: 2F
0-2: Ball
1-2: SINGLE (Line Drive, 6MD)
Batting: LHB Tim Hill 0-0: Foul Ball, location: 2F
0-1: Foul Ball, location: 2F
0-2: Foul Ball, location: 2F
0-2: Ball
1-2: Ball
2-2: Ball
3-2: Strikes out swinging
Bottom of the 2nd over - 0 run(s), 1 hit(s), 0 error(s), 1 left on base; Hamilton 2 - Vermont 0
TOP OF THE 3RD
Hamilton Coyotes batting - Pitching for Vermont Lake Monsters : RHP Ted Thompson
Batting: RHB Pete Knight 0-0: Foul Ball, location: 2F
0-1: Ball
1-1: Swinging Strike
1-2: Foul Ball, location: 2F
1-2: Ball
2-2: Strikes out swinging
Batting: RHB Clarence Neal 0-0: Ball
1-0: Ball
2-0: Called Strike
2-1: Ball
3-1: Fly out, F9 (Flyball, 89D)
Batting: LHB Alfredo Pérez 0-0: Foul Ball, location: 2F
0-1: Ball
1-1: Ball
2-1: Swinging Strike
2-2: Fly out, F7 (Flyball, 7S)
Top of the 3rd over - 0 run(s), 0 hit(s), 0 error(s), 0 left on base; Hamilton 2 - Vermont 0
BOTTOM OF THE 3RD
Vermont Lake Monsters batting - Pitching for Hamilton Coyotes : LHP Eric Patnode
Batting: SHB Carlos Rodríguez 0-0: Called Strike
0-1: Swinging Strike
0-2: SINGLE (Groundball, 56D)
Batting: RHB Carlos Padilla 0-0: Called Strike
0-1: Fly out, F4 (Popup, 3F)
Batting: RHB Fernando Castro 0-0: Ball
1-0: Foul Ball, location: 2F
1-1: Ball
2-1: Called Strike
2-2: SINGLE (Line Drive, 9S)
Carlos Rodríguez to second
Pitching: LHP Manuel Gonzáles
Batting: RHB Ramiro Rico 0-0: Ball
1-0: Called Strike
1-1: DOUBLE (Line Drive, 8LM)
Carlos Rodríguez scores
Fernando Castro to third
Batting: RHB Ray John 0-0: Ball
1-0: Called Strike
1-1: Swinging Strike
1-2: Ball
2-2: Ground out 4-3 (Groundball, 4)
Fernando Castro scores
Ramiro Rico to third
Batting: RHB Adrian Smith 0-0: Foul Ball, location: 2F
0-1: Ball
1-1: Ball
2-1: Ball
3-1: Base on Balls
Batting: RHB Pat Ings 0-0: Ball
1-0: Ball
2-0: Foul Ball, location: 2F
2-1: DOUBLE (Flyball, 89XD)
Ramiro Rico scores
Adrian Smith to third
Runner from 3rd tries for Home, SAFE, throw made home
Batting: RHB Fred Meyer 0-0: Ball
1-0: Ball
2-0: Ground out 1-3 (Groundball, 13S)
Bottom of the 3rd over - 4 run(s), 4 hit(s), 0 error(s), 1 left on base; Hamilton 2 - Vermont 4
TOP OF THE 4TH
Hamilton Coyotes batting - Pitching for Vermont Lake Monsters : RHP Ted Thompson
Batting: RHB Juan López 0-0: Ball
1-0: Ground out 1-5-3 (Groundball, 15S)
Batting: LHB Tony Ríos 0-0: Foul Ball, location: 2F
0-1: Ball
1-1: Ball
2-1: Swinging Strike
2-2: Foul Ball, location: 2F
2-2: Ball
3-2: Base on Balls
Batting: RHB Rodrigo Pagán 0-0: Foul Ball, location: 2F
0-1: Ball
1-1: Foul Ball, location: 2F
1-2: Strikes out looking
Batting: RHB Dan Curtis 0-0: Called Strike
0-1: Ball
1-1: Ball
2-1: Foul Ball, location: 2F
2-2: Ball
3-2: Strikes out swinging
Top of the 4th over - 0 run(s), 0 hit(s), 0 error(s), 1 left on base; Hamilton 2 - Vermont 4
BOTTOM OF THE 4TH
Vermont Lake Monsters batting - Pitching for Hamilton Coyotes : LHP Manuel Gonzáles
Batting: LHB Tim Hill 0-0: Ball
1-0: Ball
2-0: Called Strike
2-1: Ball
3-1: Called Strike
3-2: Ground out 6-3 (Groundball, 6M)
Batting: SHB Carlos Rodríguez 0-0: Foul Ball, location: 2F
0-1: Swinging Strike
0-2: Strikes out swinging
Batting: RHB Carlos Padilla 0-0: Ground out 6-3 (Groundball, 6)
Bottom of the 4th over - 0 run(s), 0 hit(s), 0 error(s), 0 left on base; Hamilton 2 - Vermont 4
TOP OF THE 5TH
Hamilton Coyotes batting - Pitching for Vermont Lake Monsters : RHP Ted Thompson
Batting: RHB Jon Erickson 0-0: Foul Ball, location: 2F
0-1: Ball
1-1: Foul Ball, location: 2F
1-2: Strikes out swinging
Batting: RHB Dan Holliday 0-0: Ball
1-0: Ground out 4-3 (Groundball, 4)
Batting: RHB Pete Knight 0-0: Ball
1-0: Ball
2-0: Fly out, F6 (Line Drive, 6)
Top of the 5th over - 0 run(s), 0 hit(s), 0 error(s), 0 left on base; Hamilton 2 - Vermont 4
BOTTOM OF THE 5TH
Vermont Lake Monsters batting - Pitching for Hamilton Coyotes : LHP Manuel Gonzáles
Batting: RHB Fernando Castro 0-0: SINGLE (Line Drive, 7S)
Batting: RHB Ramiro Rico 0-0: Sac Bunt - play at first, batter OUT! 1-3
Fernando Castro to second
Batting: RHB Ray John 0-0: Ball
1-0: Called Strike
1-1: Foul Ball, location: 2F
1-2: Foul Ball, location: 2F
1-2: Foul Ball, location: 2F
1-2: Ball
2-2: Fly out, F7 (Flyball, 7D)
Runner from 2nd tags up, SAFE at 3rd, no throw
Batting: RHB Adrian Smith 0-0: Ball
1-0: Swinging Strike
1-1: Fly out, F7 (Flyball, 7D)
Bottom of the 5th over - 0 run(s), 1 hit(s), 0 error(s), 1 left on base; Hamilton 2 - Vermont 4
TOP OF THE 6TH
Hamilton Coyotes batting - Pitching for Vermont Lake Monsters : RHP Ted Thompson
Batting: RHB Clarence Neal 0-0: Called Strike
0-1: Ball
1-1: Foul Ball, location: 2F
1-2: Foul Ball, location: 2F
1-2: Ball
2-2: Strikes out swinging
Batting: LHB Alfredo Pérez 0-0: Ball
1-0: SOLO HOME RUN (Flyball, 9D), Distance : 378 ft
Pitching: RHP Fernando Ruíz
Batting: RHB Juan López 0-0: SINGLE (Line Drive, 8RS)
Batting: LHB Tony Ríos 0-0: Called Strike
0-1: Ball
1-1: SINGLE (Line Drive, 9LM)
Juan López to second
Batting: RHB Rodrigo Pagán 0-0: Ball
1-0: Ball
2-0: Ball
3-0: Called Strike
3-1: Called Strike
3-2: SINGLE (Groundball, 15) (infield hit)
Juan López to third
Tony Ríos to second
Batting: RHB Dan Curtis 0-0: Ball
1-0: Called Strike
1-1: Ball
2-1: Foul Ball, location: 2F
2-2: Ground out 5-3 (Groundball, 5S)
Juan López scores
Tony Ríos to third
Rodrigo Pagán to second
Batting: RHB Jon Erickson 0-0: Foul Ball, location: 2F
0-1: Ball
1-1: Ball
2-1: Ground out 6-3 (Groundball, 6)
Top of the 6th over - 2 run(s), 4 hit(s), 0 error(s), 2 left on base; Hamilton 4 - Vermont 4
BOTTOM OF THE 6TH
Vermont Lake Monsters batting - Pitching for Hamilton Coyotes : LHP Manuel Gonzáles
Batting: RHB Pat Ings 0-0: Swinging Strike
0-1: Ball
1-1: Called Strike
1-2: Foul Ball, location: 2F
1-2: Strikes out looking
Batting: RHB Fred Meyer 0-0: Swinging Strike
0-1: Swinging Strike
0-2: Foul Ball, location: 2F
0-2: Strikes out swinging
Pitching: LHP Tim Kirk
Batting: LHB Tim Hill 0-0: Foul Ball, location: 2F
0-1: Ball
1-1: Swinging Strike
1-2: Ball
2-2: Ball
3-2: Foul Ball, location: 2F
3-2: Foul Ball, location: 2F
3-2: Fly out, F7 (Flyball, 7M)
Bottom of the 6th over - 0 run(s), 0 hit(s), 0 error(s), 0 left on base; Hamilton 4 - Vermont 4
TOP OF THE 7TH
Hamilton Coyotes batting - Pitching for Vermont Lake Monsters : RHP Fernando Ruíz
Batting: RHB Dan Holliday 0-0: Called Strike
0-1: Fly out, F2 (Popup, 2LF)
Batting: RHB Pete Knight Error on foul ball, E7
0-1: Ball
1-1: Ball
2-1: Called Strike
2-2: Foul Ball, location: 2F
2-2: SOLO HOME RUN (Flyball, 78XD), Distance : 429 ft
Batting: RHB Clarence Neal 0-0: Foul Ball, location: 2F
0-1: Hit by Pitch
Batting: LHB Alfredo Pérez 0-0: SINGLE (Groundball, 34D)
Clarence Neal to second
Pinch Hitting: LHB Ralph Dunford 0-0: Ball
1-0: Swinging Strike
1-1: Swinging Strike
1-2: Strikes out swinging
Batting: LHB Tony Ríos 0-0: Ball
1-0: Ball
2-0: Ball
3-0: Called Strike
3-1: Called Strike
3-2: Foul Ball, location: 2F
3-2: Base on Balls
Clarence Neal to third
Alfredo Pérez to second
Pinch Hitting: RHB Ralph May 0-0: Fly out, F6 (Popup, 56D)
Top of the 7th over - 1 run(s), 2 hit(s), 1 error(s), 3 left on base; Hamilton 5 - Vermont 4
BOTTOM OF THE 7TH
Vermont Lake Monsters batting - Pitching for Hamilton Coyotes : LHP Tim Kirk
Now at 2B: Rich Folger
Now at 3B: Jim Unknown
Batting: SHB Carlos Rodríguez 0-0: Ball
1-0: Ball
2-0: Ball
3-0: Base on Balls
Batting: RHB Carlos Padilla 0-0: Ball
1-0: Called Strike
1-1: Called Strike
1-2: Grounds into double play, 1-6-3 (Groundball, 25)
Batting: RHB Fernando Castro 0-0: Fly out, F8 (Flyball, 8RXD)
Bottom of the 7th over - 0 run(s), 0 hit(s), 0 error(s), 0 left on base; Hamilton 5 - Vermont 4
TOP OF THE 8TH
Hamilton Coyotes batting - Pitching for Vermont Lake Monsters : RHP Fernando Ruíz
Batting: RHB Dan Curtis 0-0: Ball
1-0: Foul Ball, location: 2F
1-1: Called Strike
1-2: Foul Ball, location: 2F
1-2: Strikes out looking
Pitching: RHP John Boyle
Batting: RHB Jon Erickson 0-0: Ball
1-0: Called Strike
1-1: Ball
2-1: Foul Ball, location: 2F
2-2: Foul Ball, location: 2F
2-2: Foul Ball, location: 2F
2-2: Ground out 6-3 (Groundball, 56)
Batting: RHB Dan Holliday 0-0: Swinging Strike
0-1: Foul Ball, location: 2F
0-2: Ball
1-2: Ball
2-2: SINGLE (Flyball, 89S)
Batting: RHB Pete Knight 0-0: Called Strike
0-1: Swinging Strike
0-2: Ball
1-2: Ball
2-2: Ball
3-2: Strikes out swinging
Top of the 8th over - 0 run(s), 1 hit(s), 0 error(s), 1 left on base; Hamilton 5 - Vermont 4
BOTTOM OF THE 8TH
Vermont Lake Monsters batting - Pitching for Hamilton Coyotes : LHP Tim Kirk
Pitching: LHP Robert Byrd
Now in RF: Marvin Collier
Batting: RHB Ramiro Rico 0-0: Ball
1-0: Fly out, F9 (Flyball, 89XD)
Pitching: RHP Jim Unknown
Batting: RHB Ray John 0-0: Ball
1-0: Called Strike
1-1: Foul Ball, location: 2F
1-2: Strikes out swinging
Batting: RHB Adrian Smith 0-0: Called Strike
0-1: Ball
1-1: Ground out 6-3 (Groundball, 6)
Bottom of the 8th over - 0 run(s), 0 hit(s), 0 error(s), 0 left on base; Hamilton 5 - Vermont 4
TOP OF THE 9TH
Hamilton Coyotes batting - Pitching for Vermont Lake Monsters : RHP John Boyle
Batting: RHB Clarence Neal 0-0: Swinging Strike
0-1: Foul Ball, location: 2F
0-2: Strikes out looking
Batting: LHB Alfredo Pérez 0-0: Foul Ball, location: 2F
0-1: SINGLE (Groundball, 6M)
Pinch Hitting: RHB Monty Sharp 0-0: Ground out 3-1 (Groundball, 34)
Alfredo Pérez to second
Batting: LHB Tony Ríos 0-0: Foul Ball, location: 2F
0-1: Ball
1-1: Foul Ball, location: 2F
1-2: Fly out, F8 (Flyball, 8RM)
Top of the 9th over - 0 run(s), 1 hit(s), 0 error(s), 1 left on base; Hamilton 5 - Vermont 4
BOTTOM OF THE 9TH
Vermont Lake Monsters batting - Pitching for Hamilton Coyotes : RHP Jim Unknown
Pitching: RHP Edwin Ellis
Now at C: Ron Clark
Now at SS: Monty Sharp
Now in LF: Cliff Hale
Pinch Hitting: LHB Michael Smith 0-0: Called Strike
0-1: Called Strike
0-2: Ground out 1-3 (Groundball, 23)
Batting: RHB Fred Meyer 0-0: Ball
1-0: SINGLE (Groundball, 4M)
Batting: LHB Tim Hill 0-0: Ball
1-0: Called Strike
1-1: Ball
2-1: Ball
3-1: Foul Ball, location: 2F
3-2: Base on Balls
Fred Meyer to second
Batting: SHB Carlos Rodríguez 0-0: Called Strike
0-1: Ball
1-1: Called Strike
1-2: Fly out, F4 (Popup, 34D)
Batting: RHB Carlos Padilla 0-0: SINGLE (Groundball, 4D)
Fred Meyer to third
Tim Hill to second
Runner from 3rd tries for Home, SAFE, throw made home
Pinch Hitting: RHB Júlio Santos 0-0: Fielders Choice at 2nd, U6 (Groundball, 6M)
Bottom of the 9th over - 1 run(s), 2 hit(s), 0 error(s), 2 left on base; Hamilton 5 - Vermont 5
TOP OF THE 10TH
Hamilton Coyotes batting - Pitching for Vermont Lake Monsters : RHP John Boyle
Pitching: LHP Jim Unknown
Now at 2B: Dave Burns
Now in CF: Teddy Pelham
Batting: SHB Jim Unknown 0-0: Ball
1-0: Ball
2-0: Called Strike
2-1: Foul Ball, location: 2F
2-2: SINGLE (Line Drive, 34)
Batting: RHB Marvin Collier 0-0: Ball
1-0: Bunted foul
1-1: Bunted foul
1-2: SINGLE (Line Drive, 9S)
Jim Unknown to second
Batting: RHB Jon Erickson 0-0: Ball
1-0: Called Strike
1-1: Called Strike
1-2: Foul Ball, location: 2F
1-2: SINGLE (Groundball, 5D)
Jim Unknown to third
Marvin Collier to second
Runner from 3rd tries for Home, SAFE, throw made home
Batting: RHB Dan Holliday 0-0: Ball
1-0: Foul Ball, location: 2F
1-1: Ball
2-1: Ground out 4-3 (Groundball, 4MS)
Marvin Collier to third
Jon Erickson to second
Batting: RHB Pete Knight 0-0: Intentional Walk
Batting: RHB Ron Clark 0-0: Ball
1-0: Called Strike
1-1: Ball
2-1: Fly out, F8 (Flyball, 8LXD)
Runner from 3rd tags up, SCORES, no throw
Pinch Hitting: RHB Calvin Fleming 0-0: Ball
1-0: Foul Ball, location: 2F
1-1: Ball
2-1: Called Strike
2-2: Fielders Choice at 2nd, 5-4 (Groundball, 5)
Top of the 10th over - 2 run(s), 3 hit(s), 0 error(s), 1 left on base; Hamilton 7 - Vermont 5
BOTTOM OF THE 10TH
Vermont Lake Monsters batting - Pitching for Hamilton Coyotes : RHP Edwin Ellis
Now in LF: Calvin Fleming
Batting: RHB Ramiro Rico 0-0: Ball
1-0: Ball
2-0: Ball
3-0: Called Strike
3-1: Swinging Strike
3-2: Foul Ball, location: 2F
3-2: Base on Balls
Batting: RHB Ray John 0-0: Ball
1-0: Ball
2-0: Ball
3-0: Base on Balls
Ramiro Rico to second
Batting: RHB Adrian Smith 0-0: Ball
1-0: Called Strike
1-1: Ball
2-1: Swinging Strike
2-2: Foul Ball, location: 2F
2-2: Ball
3-2: Strikes out swinging
Batting: RHB Teddy Pelham 0-0: Swinging Strike
0-1: Ball
1-1: Ball
2-1: Ball
3-1: Base on Balls
Ramiro Rico to third
Ray John to second
Batting: RHB Fred Meyer 0-0: Ball
1-0: DOUBLE (Groundball, 5L)
Ramiro Rico scores
Ray John scores
Teddy Pelham to third
Runner from 3rd tries for Home, SAFE, throw made home
This league is powered by Out of the Park Baseball, the baseball management simulation game for PC, Mac and Linux
Friday, January 22nd, 2016 - OOTP Baseball 16.9 Build 39